 Dungeon Crawl Stone Soup version 0.31-a0-672-g7da72447bb (webtiles) character file.

Game seed: 12580121690842945388

173879 Xenophilius the Deadly Accurate (level 17, -1/187 HPs)
             Began as an Ogre Fighter on Sept 4, 2023.
             Was the Champion of Fedhas.
             Slain by a ghost moth (13 damage)
             ... on level 4 of the Spider Nest.
             The game lasted 04:01:30 (53723 turns).

Xenophilius the Deadly Accurate (Ogre Fighter)     Turns: 53723, Time: 04:01:32

Health: -1/187     AC: 14    Str: 20 (27) XL:     17   Next: 77%
Magic:  1/24       EV: 12    Int: 10 (14) God:    Fedhas [******]
Gold:   2323       SH: 12    Dex:  6 (8)  Spells: 16/16 levels left

rFire   + + +        a - +5 eveningstar (vamp)
rCold   + + +        p - +2 shield of Resistance {rF++ rC++ Will++}
rNeg    . . .        f - +0 ice dragon scales
rPois   +            (helmet restricted)
rElec   .            T - +0 cloak
rCorr   .            (gloves unavailable)
SInv    .            (boots unavailable)
Will    +++..        H - amulet of the acrobat Stlth
                     k - ring "Loupew" {+Blink rPois rF+++ EV+5 Int-2}
HPRegen 0.51/turn    h - ring of Caurog {Wiz Str-3 Int+7 Slay+5, =R}
MPRegen 0.19/turn

%: acrobat, wizardry (x1)
@: about to teleport
A: large, unfitting armour, tough skin 1
}: 1/15 runes: gossamer
a: Renounce Religion, Evoke Blink, Wall of Briars, Grow Ballistomycete,
Overgrow, Grow Oklob


You were on level 4 of the Spider Nest.
You worshipped Fedhas.
Fedhas was exalted by your worship.
You visited 5 branches of the dungeon, and saw 27 of its levels.

You collected 2984 gold pieces.
You spent 661 gold pieces at shops.

Inventory:

Hand Weapons
 a - a +5 vampiric eveningstar (weapon)
 j - the +0 flail of Pehery {freeze, *Rage +Blink rCorr SInv}
   (You bought it in a shop on level 2 of the Orcish Mines)

   SInv:      It lets you see invisible.
   +Blink:    It lets you blink.
   *Rage:     It berserks you when you make melee attacks (+20% chance).
   rCorr:     It protects you from acid and corrosion.
 P - a +1 flail of holy wrath
Missiles
 c - 34 large rocks
 g - 5 silver javelins
 s - 9 poisoned darts (quivered)
 D - 3 curare-tipped darts
 N - 16 boomerangs
 Q - 9 javelins
Armour
 f - +0 ice dragon scales (worn)
 o - +0 acid dragon scales
 p - the +2 shield of Resistance (worn) {rF++ rC++ Will++}
   (You found it on level 10 of the Dungeon)

   rF++:      It greatly protects you from fire.
   rC++:      It greatly protects you from cold.
   Will++:    It greatly increases your willpower.
 T - a +0 cloak (worn)
Magical Staves
 x - a staff of air
 C - a staff of death
Jewellery
 h - the ring of Caurog (right hand) {Wiz Str-3 Int+7 Slay+5, =R}
   (You acquired it on level 5 of the Dungeon)

   [ring of wizardry]

   Wiz:       It improves your spell success rate.
   Str-3:     It affects your strength (-3).
   Int+7:     It affects your intelligence (+7).
   Slay+5:    It affects your accuracy & damage with ranged weapons and melee
   (+5).
 k - the ring "Loupew" (left hand) {+Blink rPois rF+++ EV+5 Int-2}
   (You acquired it on level 14 of the Dungeon)

   [ring of evasion]

   EV+5:      It affects your evasion (+5).
   Int-2:     It affects your intelligence (-2).
   rF+++:     It renders you almost immune to fire.
   rPois:     It protects you from poison +Blink: It lets you blink.
 l - a ring of positive energy
 q - a ring of protection from fire
 H - an amulet of the acrobat (around neck)
 V - a ring of flight
Wands
 m - a wand of quicksilver (5)
 K - a wand of paralysis (22)
 O - a wand of mindburst (19)
 W - a wand of flame (18)
 Y - a wand of polymorph (23)
 Z - a wand of iceblast (6)
Scrolls
 b - 2 scrolls of identify
 i - 8 scrolls of vulnerability
 t - 2 scrolls of fear
 v - 8 scrolls of teleportation
 y - 3 scrolls of revelation
 E - 4 scrolls of immolation
 F - a scroll of blinking
 G - a scroll of butterflies
 L - 5 scrolls of poison
Potions
 d - 2 potions of might
 e - 8 potions of curing
 n - 3 potions of attraction
 u - a potion of cancellation
 w - 2 potions of ambrosia
 z - 4 potions of brilliance
 A - 2 potions of lignification
 B - 3 potions of magic
 J - a potion of haste
 M - 3 potions of enlightenment
 R - a potion of invisibility
 U - 3 potions of berserk rage
 X - 4 potions of mutation


   Skills:
 - Level 16.0 Fighting
 - Level 14.0 Maces & Flails
 + Level 18.4 Throwing
 - Level 8.0 Armour
 - Level 2.6 Dodging
 - Level 2.0 Stealth
 - Level 11.0 Shields
 - Level 10.0 Invocations
 - Level 5.0 Evocations


You had 16 spell levels left.
You didn't know any spells.
Your spell library contained the following spells:

 Spells                   Type           Power      Damage    Failure   Level
 Shock                    Conj/Air       0%         1d3       61%         1
 Blink                    Tloc           0%         N/A       75%         2
 Poisonous Vapours        Pois/Air       0%         N/A       75%         2
 Mephitic Cloud           Conj/Pois/Air  0%         N/A       91%         3
 Swiftness                Air            0%         N/A       91%         3
 Airstrike                Air            0%         2d(0-16)  100%        4
 Manifold Assault         Tloc           0%         N/A       100%        4
 Freezing Cloud           Conj/Ice/Air   0%         6-21      100%        5
 Dispersal                Tloc           0%         N/A       100%        6
 Malign Gateway           Summ/Tloc      0%         N/A       100%        7
 Disjunction              Tloc           0%         N/A       100%        8
 Summon Horrible Things   Summ           0%         N/A       100%        8


Dungeon Overview and Level Annotations

Branches:
Dungeon (15/15)            Temple (1/1) D:4            Lair (5/5) D:8
 Shoals (0/4) Lair:2       Spider (4/4) Lair:2        Slime (0/5) Lair:4
    Orc (2/2) D:11            Elf (0/3) Orc:2        Vaults (0/5) D:14
 Depths (0/4) D:15

Altars:
Ashenzari
Cheibriados
Dithmenos
Elyvilon
Fedhas
Gozag
Hepliaklqana
Kikubaaqudgha
Makhleb
Nemelex Xobeh
Okawaru
Qazlal
Ru
Sif Muna
Trog
Uskayaw
Vehumet
Wu Jian
Xom
Yredelemnul
Zin
The Shining One
Jiyva

Shops:
D:6 *   D:13 (   Orc:2 =*([

Annotations:
D:13 1 transporter


Innate Abilities, Weirdness & Mutations

You are too large for most types of armour.
You have tough skin. (AC +1)


Message History

Unknown command.
You miss something.
You feel you are being watched by something.
Something hits you but does no damage. x2; Something stings you.
* * * LOW HITPOINT WARNING * * *
You feel dopey.
Unknown command.
You feel you are being watched by something.
Something closely misses you. Something misses you.
You block something's attack.
You feel you are being watched by something.
Something hits you but does no damage. Something closely misses you.
Something stings you but does no damage.
Your surroundings suddenly seem different.
Found a potion of cancellation and a potion of might.
You close the large door.
As you read the scroll of teleportation, it crumbles to dust.
You feel strangely unstable.
You see here a potion of cancellation.
As you read the scroll of fog, it dissolves into smoke.
Your surroundings suddenly seem different.
The spark wasp buzzes angrily.
The hornet buzzes angrily. x2
The tarantella's many legs skitter faintly. x2
The tarantella touches you.
* * * LOW HITPOINT WARNING * * *
You block the hornet's attack. The tarantella completely misses you.
Blink to where?
Press: ? - help, Dir - move target, p - hornet Splash!
You fall into the shallow water.
As you read the scroll of blinking, it crumbles to dust.
You feel you are being watched by something.
You feel your power leaking away.
As you read the scroll of teleportation, it crumbles to dust.
You feel strangely unstable. Something hits you!
* * * LOW HITPOINT WARNING * * *
You feel weakened. Something hits you!
You die...
Fedhas appreciates your contribution to the ecosystem.

#....~#P..###~.^~####^.##..
##....####..###...# #..†.^.
##~..~###...###.~###......
#~~...~.#s§####..~###....#
#~~#~y..sy## #~.~## #.....
#~~###~.y~# ##..~# #..#..
##~~##.s.s###..~## #..#..
#~.###~s.~##.~^# #..#.#
#..####~@.†~.~## ###..###
#..^# ###~...~# ##......#
##### #....## #......^.
##~~## ##..#..... ####
#...#..#.# #.#.#..###
#####..... #.^#.....#
##.^..#^..


You could see 2 emperor scorpions, a spark wasp, 2 hornets and 3 tarantellas.

Vanquished Creatures
  Saint Roka (Orc:2)
  Kirke (Spider:4)
  2 emperor scorpions (Spider:3)
  4 ghost moths
  An orc warlord (Orc:2)
  2 broodmothers (Spider:2)
  2 spark wasps
  3 fire dragons
  An entropy weaver (shapeshifter) (D:14)
  4 hydras
  An entropy weaver (Spider:3)
  8 vault guards
  3 ice dragons
  2 two-headed ogres
  A catoblepas (Lair:5)
  2 radroaches
  3 centaur warriors (D:14)
  A death knight (D:15)
  7 boulder beetles
  2 jorogumos
  5 tengu warriors
  6 demonic crawlers
  11 death yaks
  An orc high priest (Orc:2)
  Urug (D:12)
  4 skysharks
  Amaemon (Lair:3)
  Lodul (D:10)
  6 pharaoh ants
  A swamp dragon (Lair:5)
  8 orb spiders
  A lindwurm (Lair:5)
  7 steelbarb worms
  A deep elf zephyrmancer (D:15)
  A necromancer (D:15)
  6 deep elf pyromancers
  5 orc knights
  7 ugly things
  6 orc sorcerers
  19 wolf spiders
  A phantasmal warrior (D:15)
  A manticore (D:15)
  8 cyclopes
  8 elephants
  An ice statue (D:8)
  A cane toad (shapeshifter) (D:14)
  9 torpor snails
  An orange demon (Lair:3)
  A centaur zombie (D:15)
  Jeremiah (Lair:1)
  Maggie (Lair:1)
  2 gargoyles
  8 cane toads
  A centaur skeleton (D:15)
  A redback zombie (D:15)
  An efreet (D:15)
  10 komodo dragons
  A kobold demonologist (D:9)
  6 rime drakes
  2 freezing wraiths (D:15)
  5 yaktaurs (D:15)
  A tengu conjurer (D:15)
  6 hornets (Lair:5)
  33 tarantellas
  6 meliai
  4 tyrant leeches (Lair:5)
  7 trolls
  7 polar bears
  34 jumping spiders
  6 dream sheep (Lair:4)
  16 blink frogs
  3 slime creatures (D:12)
  A shadow (D:8)
  A water elemental (D:12)
  13 culicivoras
  10 wyverns
  61 yaks
  4 wraiths
  3 steam dragons
  Eustachio (D:5)
  5 basilisks
  33 redbacks
  7 vampire mosquitoes
  Menkaure (D:6)
  2 wargs (Orc:1)
  6 acid dragons
  18 water moccasins
  Duvessa (D:4)
  A sky beast (D:8)
  8 black bears
  2 ice beasts (D:5)
  30 orc warriors
  A swamp drake (Lair:5)
  17 ogres
  20 wolves
  22 centaurs
  A phantom (D:6)
  Blork the orc (Orc:2)
  13 bullfrogs
  8 scorpions
  2 gnoll sergeants (D:8)
  12 wights
  A hornet simulacrum (D:14)
  Dowan (D:4)
  17 killer bees
  2 vampire bats (Lair:3)
  An electric eel (D:12)
  6 howler monkeys
  2 hounds
  2 jellies
  14 orc priests
  A gnoll bouda (D:8)
  An iron imp (D:7)
  A boggart zombie (D:15)
  6 iguanas
  24 orc wizards
  A boggart skeleton (D:15)
  10 hell rats
  19 gnolls
  12 adders
  2 shadow imps
  2 white imps (D:8)
  4 ufetubi
  A worm (Lair:2)
  4 dart slugs
  88 orcs
  15 ball pythons
  11 bats
  10 endoplasms
  7 giant cockroaches
  9 goblins
  11 hobgoblins
  6 jackals
  9 kobolds
  7 quokkas
  3 frilled lizards (D:1)
  11 rats
968 creatures vanquished.

Vanquished Creatures (collateral kills)
  A hornet (Spider:4)
  A culicivora (Spider:4)
  A redback (Spider:4)
  26 ballistomycete spores
29 creatures vanquished.

Vanquished Creatures (others)
  3 humans (Spider:4)
  2 ballistomycete spores (D:13)
5 creatures vanquished.

Grand Total: 1002 creatures vanquished

Notes
Turn   | Place    | Note
-------+----------+-------------------------------------------
     0 | D:1      | Xenophilius the Ogre Fighter began the quest for the Orb.
     0 | D:1      | Reached XP level 1. HP: 24/24 MP: 1/1
   444 | D:1      | Reached XP level 2. HP: 30/32 MP: 2/2
   951 | D:1      | Reached XP level 3. HP: 39/39 MP: 3/3
  2255 | D:2      | Reached XP level 4. HP: 40/48 MP: 4/4
  2607 | D:3      | Identified the +0 pair of boots of the Great Game {Will+}
  3225 | D:3      | Reached skill level 5 in Fighting
  3225 | D:3      | Reached XP level 5. HP: 32/57 MP: 5/5
  4033 | D:4      | Noticed Duvessa
  4034 | D:4      | Noticed Dowan
  4823 | D:4      | Found a staircase to the Ecumenical Temple.
  4827 | Temple   | Entered the Ecumenical Temple
  4842 | Temple   | Became a worshipper of Fedhas Madash
  5003 | D:3      | Reached XP level 6. HP: 65/67 MP: 6/6
  5487 | D:5      | Entered Level 5 of the Dungeon
  5529 | D:5      | Identified a scroll of acquirement
  5529 | D:5      | Acquired the ring of Caurog {Wiz Str-3 Int+7 Slay+5}
  5538 | D:5      | Reached skill level 5 in Maces & Flails
  5731 | D:5      | Reached XP level 7. HP: 75/75 MP: 7/7
  6566 | D:5      | Reached XP level 8. HP: 87/87 MP: 8/8
  6920 | D:5      | Reached * piety under Fedhas
  7567 | D:5      | Noticed Eustachio
  7600 | D:5      | Killed Eustachio
  7801 | D:6      | Found Jumom's Assorted Antiques.
  7883 | D:6      | Bought a scroll labelled RERAOSMOGRE for 23 gold pieces
  7883 | D:6      | Bought a glowing dark potion for 20 gold pieces
  7883 | D:6      | Bought a scroll labelled NIPSOBL KODAUSTO for 23 gold
                  | pieces
  7883 | D:6      | Bought a scroll labelled ETSAZI USOV for 23 gold pieces
  8002 | D:6      | Found a shadowy altar of Dithmenos.
  8082 | D:6      | Found a hide-covered altar of Uskayaw.
  8092 | D:6      | Noticed Menkaure
  8518 | D:6      | Reached skill level 1 in Stealth
  8518 | D:6      | Reached skill level 5 in Shields
  8641 | D:7      | Found a basalt altar of Yredelemnul.
  8654 | D:6      | Reached XP level 9. HP: 76/96 MP: 9/9
  9162 | D:7      | Found a snail-covered altar of Cheibriados.
  9928 | D:7      | Reached ** piety under Fedhas
 10293 | D:7      | Reached skill level 10 in Maces & Flails
 10310 | D:7      | Reached skill level 1 in Evocations
 10741 | D:8      | Found a bloodstained altar of Trog.
 10741 | D:8      | Found a glowing golden altar of the Shining One.
 10765 | D:8      | Reached skill level 1 in Invocations
 10865 | D:8      | Reached XP level 10. HP: 72/107 MP: 10/12
 11987 | D:8      | Found a staircase to the Lair.
 12269 | D:8      | Reached skill level 10 in Fighting
 12809 | D:8      | Reached skill level 1 in Throwing
 12812 | D:8      | Reached *** piety under Fedhas
 12900 | D:8      | Reached skill level 2 in Throwing
 13209 | D:8      | Reached skill level 3 in Throwing
 13425 | D:8      | Reached skill level 4 in Throwing
 13543 | D:8      | Noticed an ice statue
 13953 | D:9      | Noticed a two-headed ogre
 13958 | D:8      | Reached skill level 5 in Throwing
 14055 | D:9      | Reached XP level 11. HP: 87/117 MP: 14/14
 14184 | D:9      | Reached skill level 6 in Throwing
 15904 | D:9      | Reached skill level 5 in Invocations
 16679 | D:10     | Entered Level 10 of the Dungeon
 16928 | D:10     | Noticed a fire dragon
 16928 | D:10     | Noticed an ice dragon
 16929 | D:10     | Found a runed translucent door.
 16929 | D:10     | Found a runed translucent door.
 16929 | D:10     | Noticed a fire dragon
 16929 | D:10     | Found the +2 shield of Resistance {rF++ rC++ Will++}
 16930 | D:10     | Noticed an ice dragon
 17258 | D:10     | Reached **** piety under Fedhas
 17565 | D:10     | Noticed Lodul
 17663 | D:10     | Found a radiant altar of Vehumet.
 17816 | D:10     | Found a shimmering altar of Xom.
 18705 | D:11     | Reached skill level 7 in Throwing
 18999 | D:11     | Reached skill level 8 in Throwing
 19053 | D:11     | Reached ***** piety under Fedhas
 19074 | D:11     | Reached XP level 12. HP: 130/130 MP: 18/18
 19145 | D:11     | Found a staircase to the Orcish Mines.
 19856 | D:11     | Reached skill level 9 in Throwing
 19893 | D:11     | Found a staircase to the Orcish Mines.
 20440 | D:11     | Found a staircase to the Orcish Mines.
 21822 | D:10     | Killed Lodul
 21823 | D:10     | Reached skill level 10 in Throwing
 22263 | D:10     | Killed a fire dragon
 22503 | D:10     | Killed a fire dragon
 22826 | D:10     | Killed an ice dragon
 22904 | D:10     | Found a shimmering altar of Xom.
 23365 | D:8      | Reached skill level 11 in Throwing
 23486 | D:8      | Noticed a tengu warrior
 23525 | D:8      | Killed a tengu warrior
 23684 | Lair:1   | Entered Level 1 of the Lair of Beasts
 23730 | Lair:1   | You fall into a shaft and drop 1 floor!
 23857 | Lair:2   | Reached skill level 12 in Throwing
 23887 | Lair:2   | Reached skill level 1 in Armour
 24196 | Lair:2   | Noticed a skyshark
 24439 | Lair:2   | Found a hole to the Spider Nest.
 24525 | Lair:2   | Reached XP level 13. HP: 117/137 MP: 19/19
 24660 | Lair:1   | Reached skill level 5 in Armour
 25533 | D:4      | Killed Dowan
 25539 | D:4      | Killed Duvessa
 25679 | D:6      | Killed Menkaure
 26064 | Lair:1   | Identified the +8 long sword of Zin's Castigation {venom,
                  | rPois rF- Str-4 Stlth+}
 26110 | Lair:1   | Noticed Maggie
 26133 | Lair:1   | Killed Maggie
 26370 | Lair:1   | Found a hazy altar of Hepliaklqana.
 26632 | Lair:1   | Noticed Jeremiah
 26666 | Lair:1   | Killed Jeremiah
 27068 | Lair:2   | Found a staircase to the Shoals.
 27948 | Lair:3   | Noticed Amaemon
 28136 | Lair:2   | Reached ****** piety under Fedhas
 28593 | Lair:3   | Killed Amaemon
 30486 | Lair:3   | Reached XP level 14. HP: 82/149 MP: 20/20
 31503 | Lair:4   | Reached skill level 13 in Throwing
 32145 | Lair:4   | Found a viscous altar of Jiyva.
 32146 | Lair:4   | Found a staircase to the Slime Pits.
 32490 | Lair:5   | Entered Level 5 of the Lair of Beasts
 32907 | Lair:5   | Reached skill level 14 in Throwing
 32930 | Lair:5   | HP: 6/149 [five-headed hydra (7)]
 33931 | Lair:5   | Found a stormy altar of Qazlal.
 34315 | Lair:5   | Found a runed translucent door.
 35670 | Lair:5   | Reached XP level 15. HP: 163/163 MP: 22/22
 35737 | Lair:5   | Reached skill level 10 in Invocations
 35840 | Lair:5   | Identified the +4 ring mail of Xiuv {Rampage rN+ Slay+3}
 37121 | Orc:1    | Entered Level 1 of the Orcish Mines
 37225 | Orc:2    | Entered Level 2 of the Orcish Mines
 37225 | Orc:2    | Found a staircase to the Elven Halls.
 37301 | Orc:2    | Found a shimmering blue altar of Sif Muna.
 37399 | Orc:2    | Reached skill level 5 in Evocations
 38591 | Orc:2    | Noticed Saint Roka
 38648 | Orc:2    | Killed Saint Roka
 39188 | Orc:2    | Noticed Blork the orc
 39209 | Orc:2    | Killed Blork the orc
 39333 | Orc:2    | Reached skill level 15 in Throwing
 39521 | Orc:2    | Found Nooqeheh's General Store.
 39531 | Orc:2    | Found Ziuheod's Jewellery Emporium.
 39536 | Orc:2    | Found Zeqycseo's Antique Weapon Emporium.
 39616 | Orc:2    | Bought a scroll of identify for 28 gold pieces
 39900 | Orc:2    | Found Mieful's Antique Armour Emporium.
 40016 | Orc:2    | Noticed an orc warlord
 40045 | Orc:1    | You fall into a shaft and drop 1 floor!
 40282 | Orc:2    | Found a staircase to the Elven Halls.
 40308 | Orc:2    | Found Nooqeheh's General Store.
 40598 | Orc:2    | Killed an orc warlord
 40626 | Orc:2    | Found a shimmering blue altar of Sif Muna.
 40655 | Orc:2    | Found Zeqycseo's Antique Weapon Emporium.
 40734 | Orc:2    | Found Mieful's Antique Armour Emporium.
 40745 | Orc:2    | Found Ziuheod's Jewellery Emporium.
 40899 | Orc:2    | Bought a bloodstained flail for 238 gold pieces
 40899 | Orc:2    | Identified the +0 flail of Pehery {freeze, *Rage +Blink
                  | rCorr SInv} (You bought it in a shop on level 2 of the
                  | Orcish Mines)
 41306 | D:12     | Found a sacrificial altar of Ru.
 41774 | D:12     | Noticed Urug
 41797 | D:12     | Killed Urug
 41880 | D:12     | Reached skill level 16 in Throwing
 41899 | D:12     | You fall into a shaft and drop 2 floors!
 42090 | D:14     | Acquired the ring "Loupew" {+Blink rPois rF+++ EV+5 Int-2}
 42119 | D:13     | Noticed an acid blob
 42120 | D:13     | Found a viscous altar of Jiyva.
 42120 | D:13     | Noticed a rockslime
 42154 | D:13     | Found a transporter.
 42771 | D:13     | Found Upokod's Weapon Emporium.
 42781 | D:13     | Bought 2 silver javelins for 306 gold pieces
 43019 | D:14     | Found an iron altar of Okawaru.
 43049 | D:14     | Found a gate to the Vaults.
 43841 | D:14     | Reached XP level 16. HP: 172/172 MP: 23/23
 44603 | D:15     | Entered Level 15 of the Dungeon
 45212 | D:15     | Found an ancient bone altar of Kikubaaqudgha.
 45605 | D:15     | Found a staircase to the Depths.
 46002 | D:15     | Identified the +1 robe of the Akabeko {-Cast Harm rN+++
                  | rCorr}
 46152 | Spider:1 | Entered Level 1 of the Spider Nest
 46160 | Spider:1 | Reached skill level 10 in Shields
 46810 | Spider:1 | Reached skill level 15 in Fighting
 48484 | Spider:1 | Reached skill level 17 in Throwing
 48991 | Spider:2 | Reached XP level 17. HP: 137/179 MP: 24/24
 50035 | Spider:3 | Reached skill level 18 in Throwing
 51153 | Spider:4 | Entered Level 4 of the Spider Nest
 51598 | Spider:4 | Identified the staff of Woe {Drain Fly rElec Summ Air}
 52496 | Spider:4 | Noticed Kirke
 52507 | Spider:4 | Killed Kirke
 53658 | Spider:4 | Got a gossamer rune of Zot
 53723 | Spider:4 | Slain by a ghost moth

Illustrated notes

Levels and vault maps discovered:
D:1:      ldierk_walled_garden, layout_basic, serial_bayou, serial_bayou_ford_a,
          serial_bayou_crossing, serial_bayou_lagoon_a, serial_bayou_shore_b
D:2:      layout_rooms
D:3:      layout_loops_cross, serial_glass, glass_columns_a, glass_columns_a,
          minmay_snake_closets
D:4:      layout_gridville, temple_hall_moat, kennysheep_cross_room,
          uniq_duvessa
D:5:      layout_loops_cross, serial_rivers, chequers_serial_rivers_micro_b,
          chequers_serial_rivers_marsh, chequers_serial_rivers_marsh,
          chequers_serial_rivers_micro_a, gup_sewer_entry_bubbles,
          hangedman_abyss_or_decor_lesser_grid, guppyfry_early_lair_pool,
          uniq_eustachio
D:6:      layout_basic, mainiacjoe_overflow_small_starburst,
          eat_drink_and_be_merry_uskayaw, serial_shops,
          nicolae_shop_tiny_statue_garden, uniq_menkaure
D:7:      layout_loops_ring, yredelemnul_altar_generic, slow_altar_2,
          chequers_jeans
D:8:      layout_basic, jmf_multi_god_temple, minmay_lair_entry_grove,
          nzn_random_ring
D:9:      layout_rooms, centaur_isle
D:10:     cheibrodos_helix_gallery, layout_loops_ring,
          nicolae_vehumet_altar_sigil, mainiacjoe_overflow_paths,
          minmay_guarded_unrand_resistance, uniq_lodul
D:11:     wad_woods_tower, layout_irregular_city, hiddenorc2_lemuel
D:12:     layout_basic, grunt_ministairs_7, kennysheep_big_empty_room,
          nicolae_ru_sacrificial_ziggurat, uniq_urug
D:13:     gammafunk_jiyva_shrine, layout_rooms, serial_shops,
          nicolae_shop_waterfront, kennysheep_nondescript
D:14:     layout_cave_pools, erik_vaults_2, chequers_arboretum,
          okawaru_ov_weapons_minmay
D:15:     grunt_enter_depths_magical_seal, layout_loops_cross,
          kiku_gazebo_pond_becter, nicolae_houndstooth_variations
Temple:   eino_narrow_crystal_temple
Lair:1:   layout_chaotic_city, basic_altar, infiniplex_staircase_pool,
          uniq_maggie, uniq_jeremiah
Lair:2:   beast_lair_carwin_large_3, layout_chaotic_city, shoals_dummy_entry,
          nicolae_spider_entry_non_spiders, grunt_megastairs_4
Lair:3:   layout_small_grid, roderic_batcave, grunt_megastairs_5, uniq_amaemon
Lair:4:   layout_regular_city, nicolae_slime_entry_slimehenge,
          grunt_megastairs_2
Lair:5:   guppyfry_lair_end_dragon, layout_gridlike, wormcave, basic_altar,
          serial_bayou_shore_b
Spider:1: layout_spider_delve, guppyfry_spider_mini_3
Spider:2: layout_spider_delve
Spider:3: layout_spider_delve, nicolae_spider_checkerboard
Spider:4: spider_rune_water, uniq_kirke
Orc:1:    layout_caves
Orc:2:    grunt_orc_cross, layout_caves, led_sif_book

Skill      XL: |  1  2  3  4  5  6  7  8  9 10 11 12 13 14 15 16 17 |
---------------+----------------------------------------------------+-----
Maces & Flails | 2 3 4 6 8 10 11 12 13 14 | 14.0
Fighting       | 5 6 7 8 9 10 11 12 14 15 16 | 16.0
Shields        | 4 5 7 8 9 10 11 | 11.0
Stealth        | 1 2 |  2.0
Evocations     | 2 3 5 |  5.0
Invocations    | 2 4 8 9 10 | 10.0
Throwing       | 5 8 12 14 16 17 18 | 18.4
Armour         | 4 6 7 8 |  8.0
Dodging        | |  2.6

Action                     |  1- 3 |  4- 6 |  7- 9 | 10-12 | 13-15 | 16-18 || total
---------------------------+-------+-------+-------+-------+-------+-------++-------
  Melee: Flail             |    80 |   154 |   263 |   842 |   388 |    33 ||  1760
         Whip              |       |     7 |     1 |     5 |       |       ||    13
         Demon whip        |       |       |       |       |  1150 |       ||  1150
         Eveningstar       |       |       |       |       |   127 |   805 ||   932
   Fire: Sling             |    54 |    65 |    62 |   153 |       |       ||   334
  Throw: Dart              |       |    21 |     5 |     6 |     6 |   103 ||   141
         Boomerang         |       |       |       |    10 |   165 |    24 ||   199
         Large rock        |       |       |       |       |     9 |     8 ||    17
         Javelin           |       |       |       |       |       |     3 ||     3
 Invoke: Grow Ballistomyce |       |       |       |     2 |     6 |     2 ||    10
         Overgrow          |       |       |       |       |       |     2 ||     2
  Evoke: Wand              |       |       |       |     5 |     1 |     2 ||     8
    Use: Potion            |     1 |     1 |     3 |     1 |     7 |     3 ||    16
         Scroll            |     1 |    11 |     8 |     5 |    15 |    11 ||    51
   Stab: Sleeping          |       |     2 |       |       |       |       ||     2
         Confused          |       |       |       |     3 |       |       ||     3
         Petrified         |       |       |       |       |     4 |       ||     4
 Armour: Robe              |    48 |   135 |   190 |   130 |       |       ||   503
         Skin              |       |       |    16 |       |       |       ||    16
         Steam dragon scal |       |       |       |   392 |       |       ||   392
         Ice dragon scales |       |       |       |   139 |   980 |   683 ||  1802
  Dodge: Dodged            |    25 |    64 |    82 |   351 |   417 |   388 ||  1327
  Block: Kite shield       |    27 |    77 |   117 |   434 |   750 |   548 ||  1953

Table legend: (Time is in decaauts)
 A = Elapsed time spent in this place.
 B = Non-inter-level travel time spent in this place.
 C = Inter-level travel time spent in this place.
 D = Time resting spent in this place.
 E = Time spent auto-exploring this place.
 F = Levels seen in this place.
 G = Mean time per level.
                   A        B        C        D        E       F      G
               +--------+--------+--------+--------+--------+-----+--------+
         Total |  53519 |  48799 |   4720 |  19846 |   9420 |  27 | 1982.2 |
       Dungeon |  30140 |  26397 |   3743 |   9750 |   4710 |  15 | 2009.3 |
        Temple |     30 |      2 |     28 |      0 |      0 |   1 |   30.0 |
          Lair |  12623 |  12097 |    526 |   6033 |   2658 |   5 | 2524.6 |
   Spider Nest |   7030 |   6774 |    256 |   3038 |    580 |   4 | 1757.5 |
  Orcish Mines |   3693 |   3528 |    165 |   1024 |   1472 |   2 | 1846.5 |
               +--------+--------+--------+--------+--------+-----+--------+

Top non-repeatable levels by time:
     D:8: 4176 daAuts
    D:10: 3573 daAuts
  Lair:2: 3542 daAuts
  Lair:5: 3134 daAuts
    D:11: 3121 daAuts
     D:9: 3067 daAuts
   Orc:2: 2898 daAuts
  Lair:3: 2429 daAuts
Spider:4: 2264 daAuts
     D:4: 2172 daAuts
  Lair:4: 2027 daAuts
     D:1: 1968 daAuts
Spider:2: 1846 daAuts
     D:7: 1797 daAuts
     D:3: 1707 daAuts
